Map: Blackpink LE

Players

Nolimit

  • Race: Zerg Zerg
  • Spawn Location: 1:00

Harstem - Winner!

  • Race: Protoss Protoss
  • Spawn Location: 7:00

Event: WCS Leipzig 2018

VOD

Have the link to the VOD?

Description

Time

  • Played on: Jan. 26, 2018, 6:29 a.m.
  • Length: 5:45

All games in this series

Show
View Real Time Build Order
Export as new Build Order

Nolimit Zerg 

Build Orders: Hatch First 

Get SALT Encoding   

  12  0:01  Drone  
  13  0:12  Overlord  
  13  0:17  Drone  
  14  0:31  Drone x2  
  16  0:49  Hatchery  
  15  0:52  Drone  
  15  0:55  Drone  
  17  0:59  Drone  
  18  1:10  Extractor  
  17  1:13  Spawning Pool  
  17  1:17  Drone  
  17  1:20  Drone  
  18  1:29  Drone  
  19  1:39  Overlord  
  19  2:00  Zergling x2  
  19  2:01  Zergling x2  
  21  2:02  Queen x2  
  21  2:03  Drone  
  26  2:12  Metabolic Boost  
  26  2:15  Drone x2  
  28  2:24  Drone  
  29  2:34  Hatchery  
  28  2:37  Drone  
  28  2:40  Drone  
  30  2:44  Drone x2  
  30  2:50  Overlord  
  32  2:57  Queen  
  34  3:01  Drone x2  
  37  3:12  Drone  
  37  3:13  Drone x3  
  37  3:18  Lair  
  40  3:21  Overlord  
  40  3:25  Drone  
  41  3:30  Spore Crawler  
  41  3:31  Spore Crawler  
  41  3:32  Drone  
  40  3:36  Extractor  
  40  3:38  Extractor  
  40  3:40  Drone x2  
  40  3:41  Drone  
  41  3:43  Drone  
  41  3:45  Drone  
  43  3:49  Overlord  
  43  3:55  Drone  
  44  3:58  Overlord  
  44  3:59  Drone  
  45  4:05  Drone x3  
  48  4:13  Drone x3  
  48  4:15  Spore Crawler  
  50  4:18  Drone  
  50  4:19  Drone x2  
  50  4:23  Hydralisk Den  
  52  4:25  Drone  
  52  4:26  Drone  
  52  4:27  Extractor  
  53  4:34  Drone x2  
  53  4:39  Drone x3  
  56  4:49  Drone  
  57  4:55  Drone x3  
  57  4:57  Zergling x8  
  57  4:59  Queen  
  64  5:03  Lurker Den  
  63  5:10  Zergling x4  
  63  5:12  Overlord x3  
  65  5:21  Spine Crawler  
Show
View Real Time Build Order
Export as new Build Order

Harstem Protoss - Winner!

Build Orders: 1 Gate Expand, Oracle Opening, Mass Adepts 

Get SALT Encoding   

  12  0:01  Probe  
  13  0:13  Probe  
  14  0:18  Pylon  
  14  0:25  Probe (Chrono Boost)  
  15  0:37  Probe (Chrono Boost)  
  15  0:39  Gateway  
  16  0:46  Probe (Chrono Boost)  
  16  0:48  Assimilator  
  17  0:51  Probe  
  18  1:03  Probe  
  19  1:15  Probe  
  20  1:24  Nexus  
  20  1:35  Cybernetics Core  
  20  1:37  Probe  
  21  1:45  Assimilator  
  21  1:50  Probe  
  21  1:53  Pylon  
  22  2:02  Probe  
  23  2:10  Adept (Chrono Boost)  
  23  2:12  Warp Gate  
  23  2:14  Probe  
  26  2:26  Probe  
  27  2:30  Stargate  
  27  2:33  Probe  
  27  2:34  Stalker (Chrono Boost)  
  30  2:38  Probe  
  30  2:41  Probe  
  31  2:50  Probe  
  33  2:51  Probe  
  34  3:02  Probe  
  34  3:03  Probe  
  36  3:09  Gateway  
  36  3:11  Oracle (Chrono Boost)  
  36  3:12  Gateway  
  36  3:15  Probe  
  36  3:19  Probe  
  41  3:27  Probe  
  41  3:30  Twilight Council  
  43  3:38  Gateway  
  43  3:40  Gateway  
  42  3:45  Gateway  
  42  3:48  Probe  
  43  3:49  Probe  
  44  3:55  Pylon  
  44  4:01  Resonating Glaives (Chrono Boost)  
  44  4:02  Pylon  
  45  4:03  Pylon  
  45  4:04  Probe  
  45  4:14  Probe  
  46  4:18  Adept x3  
  52  4:24  Pylon  
  52  4:37  Adept x2  
  56  4:40  Adept x3  
  56  4:44  Adept  
  64  4:59  Adept x2  
  68  5:00  Adept x3  
  68  5:06  Probe x2  
  76  5:11  Pylon  
  76  5:12  Assimilator  
  76  5:14  Assimilator  
  76  5:18  Robotics Facility  
  76  5:19  Probe  
  77  5:25  Probe  
  77  5:26  Pylon  
  78  5:31  Probe  
Tags
 
Add a new tag
Caveats
  • Supply blocks, unpowered buildings, or Contaminate may cause inaccurate times.
  • Supply counts are checked every 10 seconds.